 Dungeon Sprint DCSS version 0.30-a0-304-gdc4b735fe1 (webtiles) character file.

Game seed: 3671757030200760008

268 mhtbhm the Protected (level 6, -5/62 HPs)
             Began as an Armataur Fighter on Oct 21, 2022.
             Slain by a slime creature (7 damage)
             ... in the Dungeon (Sprint I: "Red Sonja").
             The game lasted 00:00:27 (63 turns).

mhtbhm the Protected (Armataur Fighter)               Turns: 63, Time: 00:00:28

Health: -5/62      AC:  8    Str: 23    XL:     6   Next: 0%
Magic:  6/6        EV:  8    Int:  8    God:
Gold:   108        SH:  5    Dex: 10    Spells: 5/5 levels left

rFire   . . .      SeeInvis .    a - +0 long sword
rCold   . . .      Faith    .    c - +0 buckler
rNeg    . . .      Spirit   .    b - +0 scale mail
rPois   .          Reflect  .    (no helmet)
rElec   .          Harm     .    (no cloak)
rCorr   .          Roll     +    (no gloves)
Will    .....      NoTele   +    (no barding)
Stlth   ..........               (no amulet)
HPRegen 0.30/turn                (no ring)
MPRegen 0.10/turn                (no ring)

@: mighty
A: large, rugged brown scales 3, deformed body, armoured tail, roll, long
tongue, awkward tongue
a: no special abilities


You were in the Dungeon.
You visited 1 branch You collected 108 gold pieces.

Inventory:

Hand Weapons
 a - a +0 long sword (weapon)
Armour
 b - a +0 scale mail (worn)
 c - a +0 buckler (worn)
Scrolls
 j - a scroll of blinking
Potions
 f - a potion of heal wounds
 g - a potion of haste
 h - 2 potions of magic


   Skills:
 + Level 6.5 Fighting
 + Level 4.7 Long Blades
 + Level 8.6 Armour
 + Level 1.3 Dodging
 + Level 7.8 Shields


You had 5 spell levels left.
You didn't know any spells.
Your spell library was empty.

Dungeon Overview and Level Annotations

Branches:
Dungeon (1/1)

Altars:
Makhleb
Xom
Jiyva
Lugonu


Innate Abilities, Weirdness & Mutations

You are completely covered in rugged brown scales. (AC +3, +7% HP)
Armour fits poorly on your strangely shaped body.
You have a long armoured tail.
You roll when moving toward enemies. (Rampage)
Your long tongue fully drains potion bottles. (2x potion effects)
Your tongue gives you trouble enunciating. (1.5x scroll delay)


Message History

Found 54 gold pieces.
There is an open door here.
You now have 27 gold pieces.
You feel yourself speed up.
You now have 54 gold pieces (gained 27).
There is an open door here.
There is an open door here.
Things that are here:
a +0 scythe; a +0 robe You open the door.
Found 108 gold pieces.
There is an open door here.
You now have 81 gold pieces (gained 27).
You now have 108 gold pieces (gained 27).
You open the door.
A slime creature comes into view.
The slime creature quivers.
Found four altars.
You roll towards the slime creature!
You hit the slime creature. You tail-slap the slime creature!
The slime creature is moderately wounded.
You recover from your berserk rage.
The slime creature completely misses you.
You slash the slime creature!
The slime creature is moderately wounded.
The slime creature hits you!
You slash the slime creature!
The slime creature is heavily wounded.
The slime creature hits you!
* * * LOW HITPOINT WARNING * * *
You slash the slime creature!
Your tail-slap misses the slime creature.
The slime creature is severely wounded.
The slime creature hits you but does no damage.
You barely miss the slime creature.
The slime creature is severely wounded.
The slime creature hits you!
* * * LOW HITPOINT WARNING * * *
The slime creature hits you!
You die...

###################
#<.#..').#..'$$#__#
#..'..#..').#..@J.+
#..#####'#####+#__#
#).# #..# ### #..#
#### #..# #⌠⌠# ####


You could see a slime creature.

Vanquished Creatures
  Sigmund (D)
  An ogre (D)
  Ijyb (D)
3 creatures vanquished.

Notes
Turn   | Place    | Note
-------+----------+-------------------------------------------
     0 | D        | mhtbhm the Armataur Fighter began the quest for the Orb.
     0 | D        | Reached XP level 1. HP: 19/19 MP: 1/1
     2 | D        | Noticed Ijyb
    21 | D        | Killed Ijyb
    22 | D        | Reached skill level 5 in Armour
    22 | D        | Reached XP level 2. HP: 25/28 MP: 2/2
    27 | D        | Noticed an ogre
    32 | D        | Killed an ogre
    33 | D        | Reached skill level 5 in Fighting
    33 | D        | Reached skill level 6 in Armour
    33 | D        | Reached XP level 3. HP: 17/38 MP: 3/3
    33 | D        | Reached XP level 4. HP: 20/44 MP: 4/4
    35 | D        | Noticed Sigmund
    38 | D        | Killed Sigmund
    39 | D        | Reached skill level 8 in Armour
    39 | D        | Reached skill level 1 in Dodging
    39 | D        | Reached XP level 5. HP: 22/54 MP: 5/5
    39 | D        | Reached XP level 6. HP: 25/62 MP: 6/6
    58 | D        | Found a burning altar of Makhleb.
    58 | D        | Found a viscous altar of Jiyva.
    58 | D        | Found a shimmering altar of Xom.
    58 | D        | Found a corrupted altar of Lugonu.
    58 | D        | Noticed a slime creature
    63 | D        | HP: 2/62 [slime creature (11)]
    63 | D        | Slain by a slime creature

Illustrated notes

Levels and vault maps discovered:
D:        dungeon_sprint_1 [red_sonja_temple_1, red_sonja_temple_small_1]

Skill      XL: |  1  2  3  4 |
---------------+-------------+-----
Fighting       | 3 5 6 |  6.5
Long Blades    | 2 3 4 |  4.7
Armour         | 5 6 8 |  8.6
Shields        | 4 6 7 |  7.8
Dodging        | 1 |  1.3

Action                   |  1- 3 |  4- 6 || total
-------------------------+-------+-------++-------
Melee: Long sword        |    14 |     8 ||    22
       Tailslap          |       |     1 ||     1
  Use: Potion            |     3 |       ||     3
Armor: Scale mail        |     3 |     2 ||     5
Dodge: Dodged            |     8 |     3 ||    11
Block: Buckler           |     1 |       ||     1

Table legend: (Time is in decaauts)
 A = Elapsed time spent in this place.
 B = Non-inter-level travel time spent in this place.
 C = Inter-level travel time spent in this place.
 D = Time resting spent in this place.
 E = Time spent auto-exploring this place.
 F = Levels seen in this place.
 G = Mean time per level.
                   A        B        C        D        E       F      G
               +--------+--------+--------+--------+--------+-----+--------+
         Total |     78 |     78 |      0 |      0 |      0 |   1 |   78.0 |
       Dungeon |     78 |     78 |      0 |      0 |      0 |   1 |   78.0 |
               +--------+--------+--------+--------+--------+-----+--------+

Top non-repeatable levels by time:
       D: 78 daAuts
